[Event "Titled Tuesday Blitz February 21 Late 2023"]
[White "Yuan, Qingyu"]
[Black "Zhurbinsky, David"]
[WhiteFideId "8609772"]
[BlackFideId "2072904"]
[WhiteElo "2373"]
[BlackElo "2045"]
[Result "1-0"]
[Round "07"]
[TimeControl "180+2"]
[Date "2023.02.21"]
[WhiteClock "0:00:22"]
[BlackClock "0:00:33"]

1. e4 e5 2. Nf3 Nc6 3. Bb5 a6 4. Ba4 Nf6 5. d3 Be7 6. Bxc6 bxc6 7. Nxe5 O-O 8. O-O Re8 9. Nc3 Bb7 10. Nf3 d5 11. e5 Nd7 12. d4 c5 13. Bf4 cxd4 14. Nxd4 c5 15. Nf5 d4 16. Qg4 g6 17. Ne2 Bf8 18. Nh6+ Bxh6 19. Bxh6 Nxe5 20. Qf4 f5 21. Ng3 Ng4 22. Rfe1 Qd5 23. f3 Ne3 24. Re2 a5 25. Nh5 gxh5 26. Qg5+ Kf7 27. Qg7+ Ke6 28. Bxe3 dxe3 29. Rxe3+ Kd6 30. Rd3 c4 31. Rxd5+ Bxd5 32. Rd1 Kc6 33. Qxh7 Re2 34. Qxf5 Rd8 35. h4 Be6 36. Qxe6+ Rxe6 37. Rxd8 Re2 38. Rc8+ Kd5 39. Rd8+ Kc5 40. Rc8+ Kd4 41. c3+ Kd3 42. b3 Kxc3 43. Rxc4+ Kd3 44. Ra4 Re5 45. Kf2 Rf5 46. Kg3 Ke3 47. Re4+ Kd3 48. Kf2 Rc5 49. Ra4 Rf5 50. Kg1 Re5 51. Kh2 Rc5 52. Kh3 Ke3 53. Re4+ Kf2 54. Rc4 Rd5 55. Rc2+ Ke3 56. Kg3 Rd8 57. Rc5 Rg8+ 58. Rg5 Rd8 59. Re5+ Kd4 60. Rxa5 Rg8+ 61. Rg5 Ra8 62. a4 Kc3 63. Rb5 Kd3 64. Kf2 Rc8 65. Rxh5 Rc2+ 66. Kg3 Kd4 67. Rb5 Ke3 68. Re5+ Kd4 69. Re4+ Kd3 70. b4 Rc8 71. a5 Rg8+ 72. Rg4 Rb8 73. Kh3 Kc3 74. Kg3 Kd3 75. h5 Ke3 76. Rh4 Rg8+ 77. Rg4 Rh8 78. Rg5 Kd4 79. b5 Kc4 80. a6 Kb4 81. Kg4 Ka5 82. f4 Kb6 83. g3 Rd8 84. Re5 Ka7 85. Kh4 Kb6 86. g4 Ka7 87. Rf5 Kb6 88. Rg5 Ka7 89. Re5 Kb6 90. h6 Ka7 91. Rf5 Kb6 92. Kh5 Rh8 93. g5 Rg8 94. Re5 Rd8 95. Kg4 Rd1 96. Kf5 Rd8 97. Kg6 Rd6+ 98. Kg7 Rd7+ 99. Kf6 Rd8 100. f5 Rf8+ 101. Kg6 Re8 102. Rd5 Rg8+ 103. Kh5 Rf8 104. g6 Rd8 105. Rxd8 Ka7 106. Rd5 Kb6 107. h7 Ka7 108. h8=Q Kb6 109. g7 Ka7 110. g8=Q Kb6 111. Qd8+ Ka7 112. Qg7# 1-0


[Site "https://www.chess.com"]

[Event "Titled Tuesday Blitz February 21 Late 2023"]
[White "Stoyanov, Tsvetan"]
[Black "Thomforde-Toates, Noah"]
[WhiteFideId "2917173"]
[BlackFideId "30951992"]
[WhiteElo "2454"]
[BlackElo "2124"]
[Result "1-0"]
[Round "07"]
[TimeControl "180+2"]
[Date "2023.02.21"]
[WhiteClock "0:00:02"]
[BlackClock "0:00:03"]

1. e4 c5 2. Nf3 g6 3. c4 Bg7 4. d4 cxd4 5. Nxd4 Nc6 6. Be3 Nf6 7. Nc3 Ng4 8. Qxg4 Nxd4 9. Qd1 e5 10. Bd3 O-O 11. O-O d6 12. Qd2 Be6 13. Rad1 Qa5 14. b3 Rfc8 15. Qb2 a6 16. a4 Qb4 17. Rb1 b5 18. axb5 axb5 19. Bxd4 bxc4 20. bxc4 Qxb2 21. Rxb2 exd4 22. Nd5 Bxd5 23. exd5 Ra3 24. Rd1 Rca8 25. g3 Bh6 26. Kg2 Rc3 27. Rb6 Ra2 28. Rxd6 Be3 29. Rd8+ Kg7 30. d6 Rxf2+ 31. Kh3 Ra3 32. d7 Raa2 33. Rg8+ Kxg8 34. d8=Q+ Kg7 35. Qd7 h5 36. Rh1 Ra5 37. c5 Rxc5 38. Rf1 Rxf1 39. Bxf1 Rf5 40. Bd3 Rf2 41. Qd5 1-0


[Site "https://www.chess.com"]

[Event "Titled Tuesday Blitz February 21 Late 2023"]
[White "Goroshkov, Maksym"]
[Black "Pakleza, Zbigniew"]
[WhiteFideId "14142716"]
[BlackFideId "1119290"]
[WhiteElo "2287"]
[BlackElo "2494"]
[Result "1-0"]
[Round "07"]
[TimeControl "180+2"]
[Date "2023.02.21"]
[WhiteClock "0:00:27"]
[BlackClock "0:00:04"]

1. e4 d6 2. d4 Nf6 3. Bd3 e5 4. c3 d5 5. dxe5 dxe4 6. exf6 Qxd3 7. Qxd3 exd3 8. fxg7 Bxg7 9. Nf3 O-O 10. O-O c5 11. Be3 c4 12. Na3 Be6 13. Nd2 Rc8 14. Nb5 b6 15. f4 Nd7 16. Bd4 a6 17. Bxg7 axb5 18. Bd4 Nc5 19. Rf3 Kf8 20. a3 Bg4 21. Rg3 h5 22. h3 Be2 23. Re1 Na4 24. Rg5 Ra5 25. b4 cxb3 26. Nxb3 Nxc3 27. Bxb6 Rxa3 28. Rc5 Rxb3 29. Rxc8+ Ke7 30. Rd8 Kf6 31. Bd4+ Kf5 32. Be3 h4 33. Rd7 f6 34. Bf2 b4 35. Bxh4 Kxf4 36. Bxf6 Ne4 37. Bg7 Ra3 38. Rb7 b3 39. Bf8 d2 40. Bh6+ Kf5 41. Bxd2 Nxd2 42. Rxe2 Ra1+ 43. Kf2 Ne4+ 44. Rxe4 Kxe4 45. Rb4+ Kf5 46. Rxb3 Kg6 47. g4 Kg5 48. Kg3 Rg1+ 49. Kh2 Rc1 50. Rb5+ Kf4 51. Rf5+ Ke4 52. Kg3 Rc5 53. Rxc5 1-0


[Site "https://www.chess.com"]

[Event "Titled Tuesday Blitz February 21 Late 2023"]
[White "Gorshtein, Ido"]
[Black "Jeet, Jain"]
[WhiteFideId "2815532"]
[BlackFideId "5073022"]
[WhiteElo "2514"]
[BlackElo "2199"]
[Result "1-0"]
[Round "07"]
[TimeControl "180+2"]
[Date "2023.02.21"]
[WhiteClock "0:00:16"]
[BlackClock "0:00:13"]

1. g3 c5 2. Bg2 Nc6 3. c4 d6 4. Nc3 g6 5. e3 Bg7 6. Nge2 e5 7. O-O Nge7 8. d3 O-O 9. Qd2 f5 10. a3 a5 11. b3 h6 12. Bb2 Be6 13. Nd5 Bf7 14. Nec3 Nxd5 15. Nxd5 Ne7 16. f4 Nxd5 17. cxd5 exf4 18. Bxg7 Kxg7 19. gxf4 Qf6 20. Kh1 b5 21. e4 Qd4 22. Qf2 Qxd3 23. Qb2+ Qd4 24. Qxd4+ cxd4 25. e5 a4 26. b4 Rfc8 27. e6 Be8 28. Rfd1 Rc4 29. Bf1 Rc2 30. Rxd4 Rac8 31. Rdd1 Kf6 32. Bd3 R2c3 33. Kg1 Rb3 34. Kf2 Rb2+ 35. Ke3 Rc3 36. Kd4 Rbb3 37. Rac1 Rxc1 38. Rxc1 Rxa3 39. Rc8 Ke7 40. Rc7+ Kf6 41. Bxb5 g5 42. Bxe8 gxf4 43. h4 1-0


[Site "https://www.chess.com"]

[Event "Titled Tuesday Blitz February 21 Late 2023"]
[White "Maltsevskaya, Aleksandra"]
[Black "Holt, Conrad"]
[WhiteFideId "24174041"]
[BlackFideId "2034387"]
[WhiteElo "2390"]
[BlackElo "2540"]
[Result "0-1"]
[Round "07"]
[TimeControl "180+2"]
[Date "2023.02.21"]
[WhiteClock "0:00:02"]
[BlackClock "0:00:54"]

1. e4 e6 2. d4 d5 3. Nd2 c5 4. exd5 Qxd5 5. Ngf3 cxd4 6. Bc4 Qd6 7. O-O Nf6 8. Nb3 Nc6 9. Nbxd4 Nxd4 10. Nxd4 a6 11. c3 Be7 12. Qe2 O-O 13. Rd1 Qc7 14. Bg5 e5 15. Nf3 Bg4 16. Bxf6 Bxf6 17. Bd5 g6 18. h3 Bd7 19. Re1 Rae8 20. Rad1 Kg7 21. Qe4 Bf5 22. Qe3 h6 23. Nd2 Bg5 24. Qf3 Bc2 25. Bb3 Bxd1 26. Rxd1 Rd8 27. Ne4 Rxd1+ 28. Qxd1 Rd8 29. Qf3 f5 30. Nxg5 hxg5 31. Qg3 Qe7 32. Qe3 e4 33. Qe2 f4 34. Qc4 e3 35. fxe3 Qxe3+ 36. Kh2 Qg3+ 37. Kh1 Qe1+ 38. Kh2 Qe7 0-1


[Site "https://www.chess.com"]

[Event "Titled Tuesday Blitz February 21 Late 2023"]
[White "Christiansen, Johan-Sebastian"]
[Black "Poliakova, Varvara"]
[WhiteFideId "1512668"]
[BlackFideId "13518313"]
[WhiteElo "2579"]
[BlackElo "2010"]
[Result "1-0"]
[Round "07"]
[TimeControl "180+2"]
[Date "2023.02.21"]
[WhiteClock "0:02:35"]
[BlackClock "0:01:16"]

1. e4 e5 2. Nf3 Nc6 3. Nc3 Nf6 4. a3 d5 5. Bb5 d4 6. Ne2 Bd6 7. c3 dxc3 8. d4 Nxe4 9. d5 a6 10. Bd3 cxb2 11. Bxb2 Nxf2 12. Kxf2 Ne7 13. Nxe5 O-O 14. Nf3 Bc5+ 15. Bd4 Qxd5 16. Bxh7+ Kxh7 17. Qc2+ Bf5 18. Qxc5 Qe5 19. Qxe5 1-0


[Site "https://www.chess.com"]

[Event "Titled Tuesday Blitz February 21 Late 2023"]
[White "Oganian, Miran"]
[Black "Sielecki, Christof"]
[WhiteFideId "4122488"]
[BlackFideId "4620437"]
[WhiteElo "2439"]
[BlackElo "2419"]
[Result "1-0"]
[Round "07"]
[TimeControl "180+2"]
[Date "2023.02.21"]
[WhiteClock "0:00:34"]
[BlackClock "0:00:08"]

1. e4 c5 2. Nf3 a6 3. c3 d5 4. exd5 Qxd5 5. d4 e6 6. Be2 cxd4 7. Nxd4 e5 8. Nb3 Qxg2 9. Bf3 Qg6 10. Na3 Nf6 11. Nc4 Nbd7 12. Nd6+ Bxd6 13. Qxd6 Qf5 14. Nd2 e4 15. Be2 Qe5 16. Nc4 Qxd6 17. Nxd6+ Ke7 18. Nf5+ Kf8 19. Bf4 h6 20. O-O-O g6 21. Nd6 Kg7 22. Rhg1 h5 23. Bc4 Rf8 24. Nf5+ Kh7 25. Nd6 Kg7 26. Bb3 b5 27. Be3 Ng4 28. Bd4+ Kh7 29. Nxf7 Nxh2 30. Ng5+ Kh6 31. Be3 Ng4 32. Rxg4 hxg4 33. Ne6+ Kh7 34. Rh1+ Kg8 35. Ng5+ Kg7 36. Rh7+ Kf6 37. Nxe4+ Ke5 38. Re7+ Kf5 39. Re6 Ne5 40. Ng3# 1-0


[Site "https://www.chess.com"]

[Event "Titled Tuesday Blitz February 21 Late 2023"]
[White "Maksimovic, Bojan"]
[Black "Ballester Llagaria, Luis Eduardo"]
[WhiteFideId "14408120"]
[BlackFideId "2297620"]
[WhiteElo "2486"]
[BlackElo "2298"]
[Result "1-0"]
[Round "07"]
[TimeControl "180+2"]
[Date "2023.02.21"]
[WhiteClock "0:00:10"]
[BlackClock "0:00:05"]

1. e4 c5 2. Nf3 e6 3. d4 cxd4 4. Nxd4 Nc6 5. Nc3 Qc7 6. Nxc6 bxc6 7. Bd3 d5 8. O-O Nf6 9. Qe2 Be7 10. b3 O-O 11. Re1 a5 12. Na4 Bb7 13. e5 Nd7 14. c4 c5 15. Nc3 Nb6 16. Nb5 Qc6 17. f3 a4 18. Be3 Rfd8 19. Bf2 Ba6 20. Rac1 Bb7 21. Nd6 Bxd6 22. exd6 Qxd6 23. cxd5 Nxd5 24. Bxc5 Nf4 25. Bxd6 Nxe2+ 26. Rxe2 Rxd6 27. Bc4 axb3 28. axb3 g6 29. Kf2 Kg7 30. Rcc2 h5 31. Red2 Rad8 32. Rxd6 Rxd6 33. h4 Kf6 34. Ke3 Ke5 35. Ra2 Bd5 36. Ra5 Rb6 37. Kd3 Kd6 38. Kd4 Bc6 39. Ra7 Rb7 40. Rxb7 Bxb7 41. Be2 e5+ 42. Kc3 Kc5 43. b4+ Kb6 44. Bc4 f6 45. Bf7 g5 46. hxg5 fxg5 47. Bxh5 e4 48. fxe4 Bxe4 49. Bf3 Bf5 50. Be2 Be4 51. g3 Kc6 52. Kd4 Bb1 53. Bc4 Kd6 54. b5 Bc2 55. Bd5 Bd1 56. b6 Be2 57. b7 Kc7 58. Ke5 Bd3 59. Kf6 g4 60. Kg5 Be2 61. Kf4 Bd1 62. Ke3 Kb8 63. Kd4 Be2 64. Kc5 Bd1 65. Kb6 Bf3 66. Be6 Bxb7 67. Bxg4 Be4 68. Be6 Bb7 69. g4 Be4 70. g5 Bg6 71. Kc6 Ka7 72. Kd6 Kb7 73. Ke7 Kc7 74. Kf6 Be8 75. Bf7 Bxf7 76. Kxf7 1-0


[Site "https://www.chess.com"]

[Event "Titled Tuesday Blitz February 21 Late 2023"]
[White "Golubka, Petro"]
[Black "Djokic, Mihailo"]
[WhiteFideId "14114224"]
[BlackFideId "976440"]
[WhiteElo "2371"]
[BlackElo "2192"]
[Result "1-0"]
[Round "07"]
[TimeControl "180+2"]
[Date "2023.02.21"]
[WhiteClock "0:01:12"]
[BlackClock "0:01:43"]

1. e4 c5 2. b4 cxb4 3. a3 bxa3 4. Bxa3 d5 5. e5 d4 6. Nf3 Nc6 7. Bb5 Qd5 8. c4 Qe4+ 9. Kf1 Bg4 10. d3 Bxf3 11. Qxf3 Qxf3 12. gxf3 e6 13. Bxc6+ bxc6 14. Bxf8 Kxf8 15. Nd2 Ne7 16. Nb3 Ng6 17. Nxd4 Nxe5 18. f4 Nxd3 19. f5 exf5 20. Nxc6 g6 21. Ke2 Nf4+ 22. Kf3 Ne6 23. Nxa7 Nd4+ 24. Kg2 Kg7 25. Nb5 Rxa1 26. Rxa1 Nxb5 27. cxb5 Rb8 28. Rb1 Kf6 29. h4 Ke5 30. Re1+ Kd6 31. Rd1+ Ke6 32. Re1+ Kd6 33. Rd1+ Kc7 34. Rd5 Rd8 35. b6+ 1-0


[Site "https://www.chess.com"]

[Event "Titled Tuesday Blitz February 21 Late 2023"]
[White "Hambleton, Aman"]
[Black "Melian, Juan Sebastian"]
[WhiteFideId "2606577"]
[BlackFideId "3706575"]
[WhiteElo "2420"]
[BlackElo "2293"]
[Result "1-0"]
[Round "07"]
[TimeControl "180+2"]
[Date "2023.02.21"]
[WhiteClock "0:00:04"]
[BlackClock "0:00:04"]

1. d4 Nf6 2. c4 e6 3. Nc3 Bb4 4. Qc2 c5 5. dxc5 Qc7 6. a3 Bxc5 7. b4 Be7 8. Nb5 Qc6 9. Nf3 d6 10. Nfd4 Qd7 11. e4 O-O 12. Be2 a6 13. Nc3 Qc7 14. Be3 b6 15. O-O Bb7 16. Rac1 Nbd7 17. f3 Rac8 18. Nb3 Rfe8 19. Qd2 Qb8 20. Rfe1 Bf8 21. Bf1 Ne5 22. Na4 Ned7 23. Qf2 b5 24. cxb5 axb5 25. Bxb5 Rxc1 26. Rxc1 Rc8 27. Rxc8 Qxc8 28. Bd3 Ne5 29. Bf1 Qa8 30. Bb5 Ba6 31. Bxa6 Qxa6 32. Na5 Qb5 33. Nc3 Qb8 34. Qd2 h6 35. h3 g5 36. Bd4 Ned7 37. Ne2 Qc8 38. Qc3 Qd8 39. Nc6 Qa8 40. b5 e5 41. Be3 d5 42. Qc1 d4 43. Bd2 Bc5 44. a4 d3+ 45. Be3 Bxe3+ 46. Qxe3 dxe2 47. Qxe2 Qxa4 48. Kh2 Kg7 49. Ne7 Qb4 50. Nf5+ Kg6 51. Qd3 Nc5 52. Qd6 Qxb5 53. Qf8 Ne6 54. Qh8 Ng4+ 55. hxg4 f6 56. Qxh6+ Kf7 57. Qh7+ Kf8 58. Qe7+ Kg8 59. Qxe6+ 1-0


[Site "https://www.chess.com"]

[Event "Titled Tuesday Blitz February 21 Late 2023"]
[White "Koziorowicz, Michal"]
[Black "Martynov, Pavel"]
[WhiteFideId "21809194"]
[BlackFideId "4101260"]
[WhiteElo "2307"]
[BlackElo "2414"]
[Result "0-1"]
[Round "07"]
[TimeControl "180+2"]
[Date "2023.02.21"]
[WhiteClock "0:00:03"]
[BlackClock "0:00:38"]

1. Nc3 e6 2. e4 c5 3. Nf3 Nc6 4. d4 cxd4 5. Nxd4 Qc7 6. g3 a6 7. Bg2 d6 8. Nxc6 bxc6 9. O-O Bd7 10. Re1 Be7 11. e5 d5 12. Qg4 Kf8 13. Bf4 h5 14. Qe2 h4 15. Rad1 Rb8 16. b3 Bb4 17. Bd2 hxg3 18. fxg3 a5 19. Rf1 Ne7 20. Qf3 Be8 21. Bg5 Ng6 22. Bf4 Nxe5 23. Bxe5 Qxe5 24. Ne2 Bc5+ 25. Kh1 Qd6 26. c4 Rh6 27. Nf4 e5 28. Ne2 e4 29. Qf5 g6 30. Qg5 Rh5 31. Qc1 Kg7 32. Bxe4 Bd7 33. Bg2 Rxh2+ 34. Kxh2 Rh8+ 35. Bh3 Bxh3 36. Qc3+ f6 37. Nd4 Bxf1+ 38. Kg1 Bh3 39. Qe3 Bd7 40. Kg2 Qe5 41. Ne6+ Bxe6 42. Qxc5 Qe4+ 43. Kf2 Rh2+ 44. Kf1 Qg2+ 45. Ke1 Qe2# 0-1


[Site "https://www.chess.com"]

[Event "Titled Tuesday Blitz February 21 Late 2023"]
[White "Javakhadze, Zurab"]
[Black "Sztokbant, Bernardo Vainzoff"]
[WhiteFideId "13603647"]
[BlackFideId "2115956"]
[WhiteElo "2459"]
[BlackElo "2213"]
[Result "1-0"]
[Round "07"]
[TimeControl "180+2"]
[Date "2023.02.21"]
[WhiteClock "0:00:14"]
[BlackClock "0:00:01"]

1. g3 Nf6 2. Bg2 c6 3. e4 d5 4. e5 Nfd7 5. f4 e6 6. Nf3 c5 7. c3 Nc6 8. d4 Be7 9. O-O O-O 10. a3 b6 11. Be3 a5 12. Nbd2 Ba6 13. Rf2 Rc8 14. g4 f6 15. f5 fxe5 16. fxe6 exd4 17. cxd4 Nf6 18. Ne5 Nxd4 19. Bxd4 cxd4 20. g5 Ne4 21. Nxe4 dxe4 22. Bxe4 Bxg5 23. Qh5 Bh6 24. Nf7 Rxf7 25. Qxf7+ Kh8 26. e7 Qg8 27. Qf8 Bb5 28. Bd5 Be3 29. Bxg8 Bxf2+ 30. Kxf2 1-0


[Site "https://www.chess.com"]

[Event "Titled Tuesday Blitz February 21 Late 2023"]
[White "Salimova, Nurgyul"]
[Black "Postma, Dinant"]
[WhiteFideId "2915138"]
[BlackFideId "1018612"]
[WhiteElo "2391"]
[BlackElo "2131"]
[Result "0-1"]
[Round "07"]
[TimeControl "180+2"]
[Date "2023.02.21"]
[WhiteClock "0:00:03"]
[BlackClock "0:00:08"]

1. d4 d5 2. Nf3 c5 3. c3 e6 4. Bf4 Nf6 5. e3 Bd6 6. Nbd2 Qc7 7. Bg3 Nbd7 8. Bd3 O-O 9. Qe2 e5 10. dxe5 Nxe5 11. Nxe5 Bxe5 12. Nf3 Bd6 13. Bxd6 Qxd6 14. h3 Be6 15. O-O h6 16. Rfd1 Rad8 17. Bc2 Qc7 18. Qb5 a6 19. Qe2 Rfe8 20. b4 Ne4 21. Bxe4 dxe4 22. Nd2 Qe5 23. bxc5 Qxc5 24. Nxe4 Rxd1+ 25. Rxd1 Qc6 26. Rd4 Bxh3 27. Qf3 Be6 28. Nd6 Qxf3 29. gxf3 Re7 30. a4 Rc7 31. c4 Kf8 32. f4 g6 33. e4 Ke7 34. e5 h5 35. Rd2 Bxc4 36. Rc2 b5 37. axb5 axb5 38. Nxb5 Rc6 39. Nd4 Rc8 40. f5 Ba6 41. f6+ Ke8 42. Rb2 h4 43. Rb6 Bd3 44. Rd6 Be4 45. e6 Rc1+ 46. Kh2 Rh1# 0-1


[Site "https://www.chess.com"]

[Event "Titled Tuesday Blitz February 21 Late 2023"]
[White "Msellek, Ilyass"]
[Black "ArchibaldCerveza29"]
[WhiteFideId "675938"]
[WhiteElo "2420"]
[BlackElo "2503"]
[Result "1-0"]
[Round "07"]
[TimeControl "180+2"]
[Date "2023.02.21"]
[WhiteClock "0:01:07"]
[BlackClock "0:01:02"]

1. d4 d5 2. Nf3 Nf6 3. Bg5 Ne4 4. Bf4 Bf5 5. Nc3 e6 6. Nxe4 Bxe4 7. e3 Bd6 8. Bxd6 Qxd6 9. Bd3 Bg6 10. O-O Nd7 11. c4 c6 12. Rc1 O-O 13. Bxg6 hxg6 14. Qb3 Rab8 15. Qa4 dxc4 16. Qxc4 e5 17. Rfd1 exd4 18. Rxd4 Qe7 19. Rh4 Rfd8 20. Qf4 Nb6 21. Ng5 Nd5 22. Rh8+ Kxh8 23. Qh4+ Kg8 24. Qh7+ Kf8 25. Qh8# 1-0


[Site "https://www.chess.com"]

[Event "Titled Tuesday Blitz February 21 Late 2023"]
[White "Rorrer, Grayson"]
[Black "Zochowski, Kacper"]
[WhiteFideId "30944996"]
[BlackFideId "1125494"]
[WhiteElo "2263"]
[BlackElo "2262"]
[Result "1-0"]
[Round "07"]
[TimeControl "180+2"]
[Date "2023.02.21"]
[WhiteClock "0:00:03"]
[BlackClock "0:00:02"]

1. c4 e5 2. Nc3 d6 3. e3 Be6 4. Nf3 Qd7 5. d4 exd4 6. Nxd4 Bg4 7. Qb3 c6 8. h3 Bh5 9. Bd3 Bg6 10. Be2 Na6 11. Bg4 Qc7 12. O-O Nf6 13. Bf3 Nc5 14. Qd1 a5 15. b3 Be7 16. Bb2 O-O 17. Be2 Nfe4 18. Rc1 Nxc3 19. Bxc3 Bf6 20. a3 Rfe8 21. Bb2 a4 22. b4 Nb3 23. Rc3 Nxd4 24. exd4 c5 25. Rf3 Bxd4 26. Bxd4 cxd4 27. Rf4 Qe7 28. Bd3 Qe5 29. g3 d5 30. c5 Be4 31. Re1 f5 32. h4 h6 33. h5 Qf6 34. Bb5 Re7 35. Qd2 d3 36. Bxd3 Qd4 37. Rd1 Rd8 38. Bb5 Qxd2 39. Rxd2 d4 40. Bxa4 d3 41. Bb3+ Bd5 42. Bxd5+ Rxd5 43. Kf1 Ree5 44. Rf3 Re4 45. Rfxd3 Rde5 46. Rd8+ Kh7 47. R8d7 Re1+ 48. Kg2 Ra1 49. Rxb7 Ree1 50. Rdd7 Rg1+ 51. Kf3 Rxa3+ 52. Kf4 Rf1 53. Rxg7+ Kh8 54. Rgc7 Rxf2+ 55. Ke5 Re2+ 56. Kxf5 Rf2+ 57. Ke4 Re2+ 58. Kd4 Ra8 59. Rh7+ Kg8 60. Rxh6 Rd2+ 61. Kc4 Rc2+ 62. Kb5 Rb2 63. Rg6+ Kh8 64. g4 Rb1 65. Ra6 Rxb4+ 66. Kxb4 Rxa6 67. Rb6 Ra1 68. g5 Rg1 69. Rg6 Rh1 70. h6 Kh7 71. Rf6 Rg1 72. c6 Rxg5 73. c7 Rg8 74. Kc5 Rh8 75. Kc6 Rg8 76. Kb7 Rg1 77. c8=Q Rb1+ 78. Rb6 Rf1 79. Qd7+ Kg8 80. Qg4+ Kf8 81. Qg7+ Ke8 82. Re6+ 1-0


[Site "https://www.chess.com"]

[Event "Titled Tuesday Blitz February 21 Late 2023"]
[White "Hernandez Sanchez, Elvis De La Caridad"]
[Black "Costachi, Mihnea"]
[WhiteFideId "6400353"]
[BlackFideId "1217518"]
[WhiteElo "2243"]
[BlackElo "2476"]
[Result "1-0"]
[Round "07"]
[TimeControl "180+2"]
[Date "2023.02.21"]
[WhiteClock "0:00:26"]
[BlackClock "0:00:34"]

1. d4 g6 2. e4 Bg7 3. Nc3 d6 4. Be3 a6 5. h4 h5 6. Nh3 b5 7. Bd3 Nf6 8. f3 Bb7 9. Ng5 Nbd7 10. Qd2 c5 11. dxc5 dxc5 12. O-O-O c4 13. Be2 b4 14. Bxc4 O-O 15. Nd5 Bxd5 16. Bxd5 Rc8 17. Bb3 Qc7 18. Qxb4 Ne5 19. Qb6 Nc4 20. Qxc7 Rxc7 21. Bd4 Rfc8 22. Kb1 Ne8 23. Bxg7 Kxg7 24. c3 e6 25. Bxc4 Rxc4 26. Rd7 R8c7 27. Nxe6+ Kf6 28. Nxc7 Nxc7 29. Rhd1 Ne6 30. R7d6 a5 31. Kc2 a4 32. b3 axb3+ 33. axb3 Rc8 34. c4 Ke5 35. g3 Kf6 36. Kc3 Ke7 37. b4 Ra8 38. Rd7+ Kf6 39. Kb3 g5 40. hxg5+ Nxg5 41. R7d6+ Kg7 42. R1d3 Ne6 43. Rxe6 fxe6 44. b5 Kf6 45. c5 Ke5 46. Kb4 Ra1 47. b6 Rc1 48. b7 Rb1+ 49. Rb3 Rxb3+ 50. Kxb3 Kd4 51. b8=Q 1-0


[Site "https://www.chess.com"]

[Event "Titled Tuesday Blitz February 21 Late 2023"]
[White "Preotu, Razvan"]
[Black "Jimenez Jimenez, Leandro"]
[WhiteFideId "2613280"]
[BlackFideId "6415253"]
[WhiteElo "2475"]
[BlackElo "2146"]
[Result "1-0"]
[Round "07"]
[TimeControl "180+2"]
[Date "2023.02.21"]
[WhiteClock "0:00:04"]
[BlackClock "0:00:01"]

1. e4 e5 2. Nf3 Nc6 3. Bc4 Bc5 4. c3 Nf6 5. d3 d6 6. O-O a6 7. a4 Ba7 8. Re1 h6 9. Nbd2 O-O 10. h3 Re8 11. b4 Be6 12. Bxe6 Rxe6 13. Qc2 Qd7 14. Rb1 Ne7 15. Nf1 Ng6 16. Ng3 d5 17. c4 dxc4 18. dxc4 Rd8 19. c5 a5 20. b5 Qd3 21. Qxd3 Rxd3 22. Be3 Re8 23. b6 cxb6 24. cxb6 Bb8 25. Rb5 Nd7 26. Reb1 Ne7 27. Rxa5 Nc6 28. Ra8 Ra3 29. Nf5 Nf6 30. Nd2 Kh7 31. Nc4 Ra2 32. Ng3 Nd4 33. a5 Nd7 34. Nf5 Nf6 35. Nxd4 exd4 36. Bxd4 Bh2+ 37. Kxh2 Rxa8 38. Bxf6 gxf6 39. Nd6 Rb8 40. Rb5 Kg7 41. Kg3 Ra3+ 42. f3 Kg6 43. h4 h5 44. Nc4 Ra2 45. Nd6 Ra3 46. Kf4 Ra2 47. g3 Ra3 48. g4 hxg4 49. h5+ 1-0


[Site "https://www.chess.com"]

[Event "Titled Tuesday Blitz February 21 Late 2023"]
[White "Grigoriants, Sergey"]
[Black "Defend, Balint"]
[WhiteFideId "4130804"]
[BlackFideId "17004853"]
[WhiteElo "2562"]
[BlackElo "1673"]
[Result "1-0"]
[Round "07"]
[TimeControl "180+2"]
[Date "2023.02.21"]
[WhiteClock "0:00:43"]
[BlackClock "0:00:05"]

1. d4 Nf6 2. c4 e6 3. Nc3 Bb4 4. e3 O-O 5. Bd3 b6 6. Ne2 Bb7 7. O-O d5 8. cxd5 exd5 9. Bd2 Re8 10. Rc1 Nbd7 11. Nb5 Bxd2 12. Qxd2 Rc8 13. Nxa7 Rb8 14. Nc6 Bxc6 15. Rxc6 Ne4 16. Qc2 Rb7 17. Rc1 Qh4 18. Bxe4 dxe4 19. Rxc7 Nf6 20. Rxb7 Ng4 21. Ng3 Qxh2+ 22. Kf1 Nxe3+ 23. fxe3 Qxg3 24. Qf2 Qg6 25. Rc6 Qh5 26. g4 Qb5+ 27. Kg1 Qd5 28. Rcc7 Rf8 29. b3 h5 30. Rxf7 Rxf7 31. Qxf7+ Qxf7 32. Rxf7 Kxf7 33. gxh5 Kf6 34. a4 Kg5 35. b4 Kxh5 36. a5 bxa5 37. bxa5 Kg4 38. a6 Kf3 39. a7 Kxe3 40. a8=Q Kxd4 41. Qa7+ Kd3 42. Kf2 g5 43. Qe3+ Kc4 44. Qxe4+ Kc3 45. Ke2 g4 46. Qxg4 Kb2 47. Qc4 Kb1 48. Kd2 Kb2 49. Qb4+ Ka2 50. Kc2 1-0


[Site "https://www.chess.com"]

[Event "Titled Tuesday Blitz February 21 Late 2023"]
[White "Klenburg, Michael"]
[Black "Mekhitarian, Krikor Sevag"]
[WhiteFideId "14102072"]
[BlackFideId "2107660"]
[WhiteElo "2325"]
[BlackElo "2537"]
[Result "0-1"]
[Round "07"]
[TimeControl "180+2"]
[Date "2023.02.21"]
[WhiteClock "0:00:01"]
[BlackClock "0:00:07"]

1. g3 Nf6 2. Bg2 g6 3. Nf3 Bg7 4. O-O O-O 5. c4 b6 6. Nc3 Bb7 7. d3 e6 8. Bd2 c5 9. Qc1 d5 10. Bh6 d4 11. Bxg7 Kxg7 12. Nb5 Nbd7 13. Qf4 a6 14. Nd6 Bc6 15. Nd2 e5 16. Qh4 Bxg2 17. Kxg2 Qc7 18. N6e4 Qc6 19. f3 Ng8 20. g4 h6 21. Qg3 Rae8 22. h4 Kh7 23. g5 Ne7 24. Rh1 Nf5 25. Qh3 h5 26. Kf2 b5 27. b3 Rb8 28. Ng3 Ng7 29. Nge4 Ne6 30. Rhc1 Kg7 31. Qg3 Nf4 32. Rc2 b4 33. a4 bxa3 34. Rxa3 Rb6 35. Rca2 Rfb8 36. Ra5 Qc7 37. R2a3 Rc6 38. Rxa6 Rxa6 39. Rxa6 Qb7 40. Ra1 Ra8 41. Rxa8 Qxa8 42. Qh2 Qa2 43. Kg3 Qa1 44. Kf2 Qd1 45. Qg3 Qh1 46. Nd6 Qd1 47. N6e4 Qxe2+ 48. Kg1 Qxd3 49. Qe1 Qc2 50. Kh2 Kg8 51. Kg3 Qd3 52. Qa1 Nf8 0-1


[Site "https://www.chess.com"]

[Event "Titled Tuesday Blitz February 21 Late 2023"]
[White "Petukhov, Dmitry"]
[Black "Quispe Arteaga, Gabriel"]
[WhiteFideId "4142748"]
[BlackFideId "32059809"]
[WhiteElo "2350"]
[BlackElo "2381"]
[Result "0-1"]
[Round "07"]
[TimeControl "180+2"]
[Date "2023.02.21"]
[WhiteClock "0:00:04"]
[BlackClock "0:00:31"]

1. e4 c5 2. c3 d5 3. exd5 Qxd5 4. d4 Nf6 5. Nf3 Bg4 6. Be2 e6 7. h3 Bh5 8. O-O Nc6 9. Be3 cxd4 10. cxd4 Be7 11. Nc3 Qd8 12. Qb3 O-O 13. Rfd1 Nb4 14. Bg5 Nbd5 15. g4 Bg6 16. Ne5 Rb8 17. Bf3 Nxc3 18. bxc3 Nd7 19. Bxe7 Qxe7 20. Nxg6 hxg6 21. a4 Nf6 22. a5 Qc7 23. c4 b6 24. axb6 axb6 25. d5 exd5 26. Bxd5 Rfd8 27. g5 Nh7 28. h4 Qf4 29. Qf3 Qxh4 30. Qxf7+ Kh8 31. Qxg6 Rf8 32. Rd2 Nxg5 33. Kg2 Nh3 34. Rh1 Nf4+ 0-1


[Site "https://www.chess.com"]

[Event "Titled Tuesday Blitz February 21 Late 2023"]
[White "Ehlvest, Jaan"]
[Black "EREBUNI91"]
[WhiteFideId "4500016"]
[WhiteElo "2530"]
[BlackElo "2753"]
[Result "0-1"]
[Round "07"]
[TimeControl "180+2"]
[Date "2023.02.21"]
[WhiteClock "0:01:25"]
[BlackClock "0:01:43"]

1. e3 e5 2. b3 d5 3. Bb2 Bd6 4. Nf3 Qe7 5. Nc3 c6 6. d3 Nf6 7. Ne2 Bg4 8. Ng3 e4 9. h3 Bxg3 10. hxg4 exf3 11. Qxf3 Be5 12. d4 Bd6 13. Bd3 Nbd7 14. O-O-O O-O-O 15. c4 Ba3 16. Bxa3 Qxa3+ 17. Kb1 h6 18. Rc1 Kb8 19. Qf4+ Ka8 20. f3 Rhe8 21. Rhe1 Nf8 22. cxd5 Nxd5 23. Qxf7 Nb4 0-1


[Site "https://www.chess.com"]